 Dungeon Crawl Stone Soup version 0.21-a0-88-g13b9641 (webtiles) character file.

1949 Lavandula the Bolt Thrower (level 8, 18/54 HPs)
             Began as a Mummy Arcane Marksman on June 27, 2017.
             Was a Follower of Ashenzari.
             Quit the game on level 6 of the Dungeon.
             The game lasted 00:32:12 (5193 turns).

Lavandula the Bolt Thrower (Mummy Arcane Marksman)  Turns: 5193, Time: 00:32:13

Health: 18/54      AC:  8    Str: 13    XL:     8   Next: 99%
Magic:  10/10      EV: 11    Int: 12    God:    Ashenzari [*.....]
Gold:   145        SH:  5    Dex: 15    Spells: 6/9 levels left

rFire    x x .     SeeInvis .   x - +2 hand axe (elec)
rCold    + + .     Gourm    .   s - +0 buckler (curse)
rNeg     + + +     Faith    .   f - +0 ring mail
rPois    ∞         Spirit   .   r - +0 helmet
rElec    .         Reflect  .   (no cloak)
rCorr    .         Harm     .   (no gloves)
MR       +....                  (no boots)
Stlth    +.........             (no amulet)
HPRegen  0.18/turn              k - +2 ring of protection
MPRegen  0.12/turn              w - ring of ice

@: very slightly contaminated
A: no food or potions, fire vulnerability, cold resistance 1, negative energy
resistance 3, torment resistance, unbreathing
a: Curse Item, Scrying, Renounce Religion


You were on level 6 of the Dungeon.
You worshipped Ashenzari.
Ashenzari was aware of your devotion.
You were not hungry.

You visited 2 branches of the dungeon, and saw 8 of its levels.

You collected 235 gold pieces.
You spent 90 gold pieces at shops.

Inventory:

Hand Weapons
 a - a +0 hand crossbow
 g - a +2 short sword of protection
 h - a +0 dagger
 o - a +0 blowgun
 u - a +1 antimagic flail
 x - a +2 hand axe of electrocution (weapon)
 y - a +0 whip of freezing
Missiles
 d - 12 bolts
 i - 21 tomahawks (quivered)
 p - 24 poisoned needles
Armour
 e - a +0 robe
 f - a +0 ring mail (worn)
 r - a +0 helmet (worn)
 s - a cursed +0 buckler (worn)
Jewellery
 k - a +2 ring of protection (left hand)
 l - an uncursed ring of stealth
 w - a ring of ice (right hand)
Wands
 q - a wand of random effects (6/48)
Scrolls
 b - a scroll of enchant armour
 j - 2 scrolls of amnesia {unknown}
 m - 7 scrolls of remove curse
 n - a scroll of magic mapping
 t - 2 scrolls of immolation
 v - a scroll of enchant weapon {unknown}
 z - a scroll of fog {unknown}
 B - a scroll of fear {unknown}
Books
 c - a book of Debilitation

   Spells                             Type                      Level
   a - Corona                         Hexes                        1
   b - Slow                           Hexes                        2
   c - Inner Flame                    Hexes/Fire                   3
   d - Portal Projectile              Hexes/Translocation          3
   e - Cause Fear                     Hexes                        4
   f - Leda's Liquefaction            Hexes/Earth                  4


   Skills:
 - Level 1.0 Fighting
 + Level 5.5 Axes
 - Level 5.7 Crossbows
 - Level 2.5 Dodging
 - Level 5.2 Shields
 - Level 1.3 Spellcasting
 - Level 2.6 Hexes


You had 6 spell levels left.
You knew the following spells:

 Your Spells              Type           Power        Failure   Level  Hunger
a - Corona                Hex            #......      22%         1    N/A
b - Slow                  Hex            #.......     32%         2    N/A

Dungeon Overview and Level Annotations

Branches:
Dungeon (7/15)             Temple (1/1) D:4

Altars:
Ashenzari
Cheibriados
Dithmenos
Elyvilon
Fedhas
Gozag
Hepliaklqana
Kikubaaqudgha
Makhleb
Okawaru
Qazlal
Ru
Sif Muna
Trog
Uskayaw
Vehumet
Wu Jian
Xom
Yredelemnul
The Shining One

Shops:
D:4 [   D:6 *

Annotations:
D:2 Sigmund
D:7 Joseph


Innate Abilities, Weirdness & Mutations

You do not eat or drink.
Your flesh is vulnerable to fire.
You are immune to poison.
Your flesh is cold resistant. (rC+)
You are immune to negative energy. (rN+++)
You are immune to unholy pain and torment.
You can survive without breathing.


Message History

You closely miss the killer bee. You hit the killer bee.
The killer bee closely misses you. The killer bee misses you.
The killer bee stings you. You block the killer bee's attack.
You closely miss the killer bee. You miss the killer bee.
The killer bee stings you. The killer bee stings you!
The killer bee stings you. The killer bee barely misses you.
Okay, then.
Okay, then.
Blink to where?
Press: ? - help, Dir - move target cursor You are very lightly contaminated with residual magic.
As you read the scroll of blinking, it crumbles to dust.
There is a stone staircase leading up here.
You block the killer bee's attack.
You climb upwards.
There is a stone staircase leading down here.
Welcome back, Lavandula the Mummy Arcane Marksman.
Ashenzari says: Partake of my vision.
Partake of my curse.
Press ? for a list of commands and other information.
Are you sure you want to abandon this character and quit the game? (Confirm with "yes".)

#.# #.# #.# #.# #.# #.#
#.# ... #.#
#.#############.########
#.......................
#########.####...#######
#.# #...#######
###.####...[[.....
#@.........)[..#..
#.#########)...#.. #.#
###.#### #.#####
#....#..
#.#...#####....#..
#...........!..###
###...#####..#.... #...#
#..#...# #...# #..#...#


There were no monsters in sight!

Vanquished Creatures
  Pikel (D:6)
  A black bear (D:5)
  A phantom (D:4)
  An ogre (D:4)
  A bullfrog (D:6)
  A scorpion (D:4)
  A wight (D:6)
  4 killer bees (D:7)
  3 howler monkeys
  2 jellies
  2 hounds
  3 orc priests
  A bullfrog skeleton (D:4)
  Natasha (twice) (D:3)
  Ijyb (D:3)
  5 orc wizards
  5 worker ants
  2 hound skeletons
  5 gnolls
  6 adders
  A shadow imp (D:5)
  An ooze (D:2)
  An adder skeleton (D:7)
  A worm (D:3)
  2 dart slugs
  3 leopard geckos
  19 orcs
  8 bats
  3 giant cockroaches
  3 goblins
  4 hobgoblins
  6 jackals
  5 kobolds
  3 quokkas
  2 ball pythons
  A ball python skeleton (D:4)
  2 frilled lizards
  6 rats
119 creatures vanquished.

Vanquished Creatures (others)
  A slave (D:6)
  An orc priest (D:6)
  An orc wizard (D:6)
  An orc (D:6)
4 creatures vanquished.

Grand Total: 123 creatures vanquished

Notes
Turn   | Place    | Note
-------+----------+-------------------------------------------
     0 | D:1      | Lavandula the Mummy Arcane Marksman began the quest for the Orb.
     0 | D:1      | Reached XP level 1. HP: 15/15 MP: 2/2
    11 | D:1      | Reached XP level 2. HP: 21/21 MP: 4/4
    15 | D:1      | Learned a level 2 spell: Slow
   561 | D:2      | Reached XP level 3. HP: 25/26 MP: 3/5
  1040 | D:2      | Noticed Sigmund
  1392 | D:3      | Reached XP level 4. HP: 32/32 MP: 3/6
  1411 | D:3      | Found an iron altar of Okawaru.
  1803 | D:3      | Noticed Natasha
  1822 | D:3      | Killed Natasha
  1945 | D:3      | Noticed Natasha
  1948 | D:3      | Killed Natasha
  1948 | D:3      | Reached XP level 5. HP: 37/37 MP: 7/7
  2025 | D:3      | Noticed Ijyb
  2033 | D:3      | Killed Ijyb
  2071 | D:3      | Found an ornate altar of the Wu Jian Council.
  2177 | D:5      | Entered Level 5 of the Dungeon
  2250 | D:4      | Found Kexig's Armour Boutique.
  2279 | D:4      | Reached skill level 5 in Crossbows
  2286 | D:4      | Reached XP level 6. HP: 40/43 MP: 5/8
  2320 | D:4      | Found a staircase to the Ecumenical Temple.
  2353 | Temple   | Entered the Ecumenical Temple
  2446 | Temple   | Became a worshipper of Ashenzari the Shackled
  2618 | D:4      | Reached skill level 1 in Shields
  2793 | D:4      | Reached XP level 7. HP: 40/48 MP: 9/9
  2972 | D:4      | Found a hide-covered altar of Uskayaw.
  3364 | D:5      | Found a hazy altar of Hepliaklqana.
  3813 | D:6      | Reached skill level 5 in Shields
  3840 | D:6      | Reached XP level 8. HP: 54/54 MP: 10/10
  3855 | D:6      | Found a white marble altar of Elyvilon.
  3871 | D:6      | Reached * piety under Ashenzari
  3878 | D:6      | Found a sacrificial altar of Ru.
  4262 | D:6      | Reached skill level 1 in Axes
  4428 | D:6      | Found a snail-covered altar of Cheibriados.
  4519 | D:6      | Noticed Pikel
  4556 | D:6      | Killed Pikel
  4727 | D:6      | Found Mocvudet's General Store.
  4735 | D:6      | Bought a scroll of blinking for 90 gold pieces
  4961 | D:7      | Found a radiant altar of Vehumet.
  5001 | D:7      | Reached skill level 5 in Axes
  5131 | D:7      | Noticed Joseph
  5193 | D:6      | Quit the game

Vault maps used:
D:1:      dpeg_arrival_radiant, hangedman_decor_clover_reticule,
          minmay_misc_feat_roman
D:2:      zin_treasury, uniq_sigmund
D:3:      minmay_roachtagon, okawaru_metal_pillars_1_2, lemuel_round_altar,
          uniq_ijyb, uniq_natasha
D:4:      lemuel_doored_altar, minmay_temple_entry_poolview, serial_shops, shop
D:5:      marbit_many_paths, first_bread
D:6:      nicolae_overflow_crystal_walls, hangedman_ru_absence,
          cheibrodos_worm_habitat, serial_shops, nicolae_shop_trees,
          roderic_lattice_a, uniq_pikel
D:7:      lemuel_crystal_altar, basic_altar, uniq_duvessa, uniq_joseph
Temple:   nicolae_temple_figure_eight

Skill      XL: |  1  2  3  4  5  6  7  8 |
---------------+-------------------------+-----
Crossbows      | 2 3 4 5 |  5.7
Shields        | 2 5 |  5.2
Dodging        | 2 |  2.5
Axes           | 5 |  5.5
Fighting       | |  1.0
Spellcasting   | |  1.3
Hexes          | |  2.6

Action                   |  1- 3 |  4- 6 |  7- 9 || total
-------------------------+-------+-------+-------++-------
Melee: Unarmed           |    33 |       |       ||    33
       Dagger            |    23 |    59 |    20 ||   102
       Short sword       |       |       |    52 ||    52
       Hand axe          |       |       |    92 ||    92
 Fire: Hand crossbow     |    48 |   112 |    95 ||   255
       Blowgun           |     6 |       |       ||     6
Throw: Tomahawk          |       |       |     4 ||     4
 Cast: Corona            |    23 |    19 |    17 ||    59
       Slow              |       |     2 |     3 ||     5
Evoke: Wand              |       |     2 |     4 ||     6
  Use: Scroll            |       |     4 |     6 ||    10
 Stab: Sleeping          |     1 |       |     2 ||     3
Armor: Ring mail         |    34 |    58 |    69 ||   161
       Robe              |     2 |       |       ||     2
Dodge: Dodged            |    44 |    78 |    96 ||   218
Block: Buckler           |       |    10 |    52 ||    62
